General information
- name: BNet
- type: Ladder team game (AT/RT)
- host: Battle.net
- saver: brucewillisusa
map: Deadlock
- players: 8
- length: 227:32
- speed: Fast
- version: 1.24 W3XP
- replay type: Public
» download(855 KB)
Players
team 1 (loser)
idonttrytowin (
teal | 49 APM | 11152 actions | 227:31)
6 Blademaster
3 Wind Walk
2 Critical Strike
1 Bladestorm
» actions
| Assign group hotkey | 74 | |
| Basic commands | 113 | |
| Build / train | 174 | |
| ESC pressed | 10 | |
| Enter build submenu | 139 | |
| Enter hero's abilities submenu | 6 | |
| Give item / drop item | 14 | |
| Remove unit from queue | 2 | |
| Right click | 4271 | |
| Select / deselect | 1642 | |
| Select group hotkey | 4159 | |
| Use ability | 548 | |
11152 total
» units
| Peon | 39 | |
| Troll Batrider | 24 | |
| Wind Rider | 32 | |
| Shaman | 3 | |
| Troll Witch Doctor | 1 | |
| Spirit Walker | 2 | |
101 total
» upgrades
| Ranged Weapons | 3 | |
| Liquid Fire | 1 | |
| Reinforced Defenses | 1 | |
| Armor | 3 | |
| Spiked Barricades | 3 | |
| Shaman Training | 2 | |
| Melee Weapons | 3 | |
| Witch Doctor Training | 2 | |
| Spirit Walker Training | 2 | |
| Pulverize | 1 | |
| Pillage | 1 | |
| Backpack | 1 | |
| War Drums Damage Increase | 1 | |
| Envenomed Spears | 1 | |
| Ensnare | 1 | |
| Berserker Strength | 1 | |
| Troll Regeneration | 1 | |
| Berserker Upgrade | 1 | |
| Burning Oil | 1 | |
30 total
» buildings
| Altar of Storms | 1 | |
| Orc Burrow | 5 | |
| Voodoo Lounge | 1 | |
| Stronghold | 9 | |
| War Mill | 1 | |
| Beastiary | 5 | |
| Fortress | 5 | |
| Watch Tower | 106 | |
| Great Hall | 5 | |
| Spirit Lodge | 2 | |
| Tauren Totem | 3 | |
| Barracks | 1 | |
144 total
» build order
00:07 Altar of Storms
00:19 Orc Burrow
00:56 Voodoo Lounge
02:16 Stronghold
02:17 Stronghold
02:30 Orc Burrow
02:56 War Mill
04:42 Beastiary
04:45 Beastiary
04:54 Fortress
04:54 Fortress
04:56 Orc Burrow
06:55 Orc Burrow
10:53 Orc Burrow
12:08 Watch Tower
12:48 Great Hall
16:25 Watch Tower
16:37 Watch Tower
17:04 Stronghold
18:22 Great Hall
18:26 Watch Tower
18:45 Watch Tower
18:52 Watch Tower
19:49 Watch Tower
20:02 Great Hall
20:05 Watch Tower
20:08 Watch Tower
20:23 Watch Tower
20:52 Watch Tower
20:58 Watch Tower
21:00 Watch Tower
21:37 Watch Tower
21:38 Watch Tower
22:01 Watch Tower
22:03 Watch Tower
22:05 Watch Tower
22:06 Watch Tower
22:08 Fortress
22:41 Watch Tower
22:43 Watch Tower
22:52 Watch Tower
22:55 Watch Tower
22:57 Watch Tower
23:11 Watch Tower
23:58 Watch Tower
24:18 Watch Tower
24:21 Watch Tower
24:39 Watch Tower
24:59 Watch Tower
26:27 Watch Tower
27:39 Watch Tower
27:46 Watch Tower
27:47 Watch Tower
27:49 Watch Tower
27:50 Watch Tower
28:04 Watch Tower
29:07 Watch Tower
29:10 Watch Tower
29:14 Watch Tower
29:24 Great Hall
29:25 Watch Tower
30:17 Watch Tower
30:19 Watch Tower
30:23 Watch Tower
30:32 Watch Tower
31:04 Watch Tower
31:08 Watch Tower
31:46 Watch Tower
32:01 Watch Tower
32:02 Watch Tower
32:50 Watch Tower
32:54 Watch Tower
32:58 Watch Tower
33:00 Watch Tower
33:02 Watch Tower
33:32 Watch Tower
33:34 Watch Tower
33:36 Watch Tower
33:56 Watch Tower
34:12 Watch Tower
34:14 Watch Tower
34:17 Watch Tower
34:27 Watch Tower
36:04 Watch Tower
36:07 Watch Tower
36:17 Watch Tower
36:21 Watch Tower
36:25 Watch Tower
36:27 Watch Tower
36:30 Watch Tower
38:35 Watch Tower
39:04 Great Hall
39:06 Watch Tower
39:09 Watch Tower
39:10 Watch Tower
39:12 Watch Tower
39:15 Watch Tower
39:39 Watch Tower
39:43 Watch Tower
39:45 Watch Tower
39:48 Watch Tower
39:52 Watch Tower
40:10 Watch Tower
40:20 Watch Tower
40:47 Watch Tower
40:50 Watch Tower
40:53 Watch Tower
40:57 Watch Tower
41:00 Watch Tower
41:03 Watch Tower
41:06 Watch Tower
41:22 Watch Tower
41:45 Watch Tower
41:47 Watch Tower
41:49 Watch Tower
43:15 Watch Tower
43:53 Watch Tower
44:09 Watch Tower
44:22 Watch Tower
45:14 Watch Tower
45:38 Watch Tower
47:11 Watch Tower
48:15 Watch Tower
48:17 Watch Tower
48:31 Watch Tower
49:21 Watch Tower
49:23 Watch Tower
50:22 Spirit Lodge
50:31 Spirit Lodge
51:47 Tauren Totem
53:05 Tauren Totem
54:20 Tauren Totem
55:05 Stronghold
55:08 Stronghold
55:10 Stronghold
55:13 Stronghold
55:15 Stronghold
55:40 Beastiary
56:26 Barracks
58:05 Fortress
59:43 Fortress
61:33 Beastiary
61:34 Beastiary
» items
| Healing Salve | 2 | |
| Lesser Clarity Potion | 5 | |
| Scroll of Speed | 1 | |
| Boots of Speed | 1 | |
| Staff of Teleportation | 2 | |
| Orb of Lightning | 1 | |
| Potion of Healing | 2 | |
| Potion of Mana | 2 | |
| Tiny Great Hall | 2 | |
| Scroll of Town Portal | 1 | |
19 total
am870910 (
green | 37 APM | 4940 actions | 133:51)
9 Mountain King
3 Storm Bolt
3 Bash
1 Avatar
2 Thunder Clap
5 Paladin
3 Holy Light
2 Devotion Aura
» actions
| Assign group hotkey | 72 | |
| Basic commands | 25 | |
| Build / train | 151 | |
| ESC pressed | 10 | |
| Enter build submenu | 53 | |
| Enter hero's abilities submenu | 14 | |
| Give item / drop item | 12 | |
| Right click | 1944 | |
| Select / deselect | 944 | |
| Select group hotkey | 1488 | |
| Use ability | 226 | |
4940 total
» units
| Peasant | 21 | |
| Footman | 9 | |
| Knight | 7 | |
| Priest | 6 | |
| Gryphon Rider | 6 | |
| Dragonhawk Rider | 33 | |
| Sorceress | 2 | |
84 total
» upgrades
| Lumber Harvesting | 2 | |
| Masonry | 3 | |
| Swords | 3 | |
| Plating | 2 | |
| Animal War Training | 1 | |
| Priest Training | 2 | |
| Magic Sentry | 1 | |
| Armor | 3 | |
| Storm Hammers | 1 | |
| Sorceress Training | 1 | |
| Cloud | 1 | |
20 total
» buildings
| Altar of Kings | 1 | |
| Barracks | 2 | |
| Farm | 13 | |
| Keep | 1 | |
| Scout Tower | 15 | |
| Arcane Tower | 2 | |
| Castle | 1 | |
| Arcane Vault | 1 | |
| Lumber Mill | 1 | |
| Town Hall | 6 | |
| Blacksmith | 1 | |
| Guard Tower | 3 | |
| Arcane Sanctum | 2 | |
| Gryphon Aviary | 5 | |
54 total
» build order
00:22 Altar of Kings
00:26 Barracks
00:31 Farm
00:36 Farm
01:38 Farm
02:10 Barracks
02:47 Farm
03:17 Keep
04:02 Scout Tower
04:03 Scout Tower
04:46 Arcane Tower
06:35 Castle
06:38 Arcane Vault
06:41 Lumber Mill
06:46 Town Hall
07:16 Scout Tower
07:42 Farm
07:47 Arcane Tower
08:06 Blacksmith
08:17 Guard Tower
08:21 Guard Tower
09:39 Farm
10:25 Farm
11:07 Farm
12:45 Arcane Sanctum
12:52 Farm
14:35 Arcane Sanctum
15:58 Farm
16:46 Farm
17:22 Farm
18:23 Farm
24:42 Gryphon Aviary
24:43 Gryphon Aviary
27:49 Scout Tower
27:49 Scout Tower
27:50 Scout Tower
27:51 Scout Tower
28:01 Scout Tower
28:34 Guard Tower
31:43 Town Hall
31:48 Town Hall
35:46 Town Hall
40:08 Gryphon Aviary
40:08 Gryphon Aviary
40:12 Gryphon Aviary
51:19 Town Hall
51:28 Town Hall
53:48 Scout Tower
53:50 Scout Tower
54:01 Scout Tower
73:31 Scout Tower
90:42 Scout Tower
90:50 Scout Tower
95:40 Scout Tower
» items
| Potion of Healing | 5 | |
| Ivory Tower | 2 | |
| Dust of Appearance | 1 | |
| Potion of Lesser Invulnerability | 2 | |
| Potion of Mana | 3 | |
| Scroll of Speed | 2 | |
| Scroll of Town Portal | 4 | |
| Scroll of Regeneration | 2 | |
| Scroll of Healing | 1 | |
| Staff of Teleportation | 2 | |
24 total
the)enigma (
orange | 14 APM | 3138 actions | 227:31)
7 Archmage
3 Summon Water Elemental
3 Brilliance Aura
1 Mass Teleport
» actions
| Assign group hotkey | 38 | |
| Basic commands | 60 | |
| Build / train | 93 | |
| ESC pressed | 2 | |
| Enter build submenu | 52 | |
| Enter hero's abilities submenu | 7 | |
| Remove unit from queue | 3 | |
| Right click | 1051 | |
| Select / deselect | 849 | |
| Select group hotkey | 769 | |
| Use ability | 214 | |
3138 total
» units
| Peasant | 9 | |
| Footman | 3 | |
| Knight | 5 | |
| Siege Engine | 18 | |
| Mortar Team | 9 | |
| Gryphon Rider | 3 | |
| Dragonhawk Rider | 1 | |
48 total
» upgrades
| Masonry | 3 | |
| Plating | 3 | |
| Barrage | 1 | |
| Gunpowder | 3 | |
| Magic Sentry | 1 | |
| Swords | 1 | |
| Armor | 2 | |
| Flare | 1 | |
15 total
» buildings
| Scout Tower | 18 | |
| Altar of Kings | 1 | |
| Farm | 14 | |
| Lumber Mill | 1 | |
| Barracks | 1 | |
| Guard Tower | 8 | |
| Keep | 1 | |
| Castle | 1 | |
| Blacksmith | 1 | |
| Workshop | 2 | |
| Arcane Sanctum | 1 | |
| Arcane Vault | 1 | |
| Arcane Tower | 5 | |
| Town Hall | 2 | |
| Gryphon Aviary | 1 | |
58 total
» build order
00:11 Scout Tower
00:15 Altar of Kings
00:21 Farm
00:37 Scout Tower
00:42 Lumber Mill
01:23 Barracks
02:00 Guard Tower
02:24 Guard Tower
02:55 Scout Tower
03:07 Keep
03:21 Guard Tower
03:23 Scout Tower
03:51 Guard Tower
03:53 Scout Tower
04:13 Farm
04:35 Guard Tower
04:37 Scout Tower
04:58 Farm
05:11 Guard Tower
05:16 Scout Tower
05:45 Guard Tower
06:42 Castle
07:32 Blacksmith
09:12 Workshop
09:30 Farm
10:25 Workshop
10:28 Farm
12:04 Arcane Sanctum
13:12 Arcane Vault
14:24 Farm
15:12 Farm
15:40 Farm
16:09 Farm
17:35 Farm
18:48 Scout Tower
19:35 Guard Tower
19:45 Scout Tower
20:18 Guard Tower
22:15 Farm
23:17 Farm
25:04 Scout Tower
28:05 Arcane Tower
28:08 Scout Tower
28:48 Arcane Tower
34:59 Town Hall
46:29 Gryphon Aviary
57:08 Scout Tower
57:14 Scout Tower
57:51 Arcane Tower
57:52 Arcane Tower
57:56 Scout Tower
58:29 Arcane Tower
60:07 Town Hall
85:31 Scout Tower
90:54 Scout Tower
92:14 Farm
95:04 Scout Tower
95:58 Scout Tower
147:51 Farm
» items
| Scroll of Town Portal | 3 | |
| Potion of Lesser Invulnerability | 1 | |
4 total

»
charada_verde (
yellow | 24 APM | 4059 actions | 171:56)
8 Mountain King
3 Storm Bolt
3 Bash
1 Avatar
1 Thunder Clap
» actions
| Assign group hotkey | 14 | |
| Basic commands | 6 | |
| Build / train | 132 | |
| Enter build submenu | 33 | |
| Enter hero's abilities submenu | 8 | |
| Give item / drop item | 4 | |
| Remove unit from queue | 4 | |
| Right click | 2924 | |
| Select / deselect | 854 | |
| Select group hotkey | 5 | |
| Use ability | 75 | |
4059 total
» units
| Peasant | 16 | |
| Knight | 14 | |
| Gryphon Rider | 55 | |
| Mortar Team | 2 | |
87 total
» upgrades
| Swords | 3 | |
| Lumber Harvesting | 2 | |
| Animal War Training | 1 | |
| Storm Hammers | 1 | |
| Plating | 3 | |
| Armor | 3 | |
| Magic Sentry | 1 | |
| Flare | 1 | |
15 total
» buildings
| Keep | 2 | |
| Altar of Kings | 1 | |
| Farm | 13 | |
| Lumber Mill | 1 | |
| Blacksmith | 1 | |
| Castle | 3 | |
| Gryphon Aviary | 2 | |
| Barracks | 1 | |
| Town Hall | 2 | |
| Scout Tower | 6 | |
| Guard Tower | 5 | |
| Arcane Sanctum | 1 | |
| Workshop | 1 | |
39 total
» build order
01:53 Keep
02:02 Altar of Kings
02:11 Farm
02:26 Lumber Mill
02:37 Blacksmith
03:07 Farm
03:48 Farm
04:34 Castle
04:34 Castle
05:45 Gryphon Aviary
05:50 Gryphon Aviary
05:56 Barracks
07:45 Farm
08:04 Farm
08:43 Farm
09:28 Farm
10:36 Town Hall
11:04 Farm
12:50 Farm
16:32 Scout Tower
16:59 Guard Tower
17:06 Scout Tower
17:36 Guard Tower
17:41 Scout Tower
18:36 Guard Tower
18:41 Farm
19:30 Farm
20:17 Farm
22:51 Farm
32:19 Scout Tower
32:26 Scout Tower
32:50 Guard Tower
32:55 Scout Tower
33:27 Guard Tower
43:15 Town Hall
82:23 Arcane Sanctum
86:14 Workshop
» items
| Potion of Healing | 1 | |
| Potion of Mana | 1 | |
| Orb of Lightning | 1 | |
| Scroll of Town Portal | 1 | |
| Dust of Appearance | 2 | |
| Staff of Teleportation | 1 | |
7 total
team 2 (winner)
urMOMisFAT (
blue | 10 APM | 2234 actions | 227:31)
6 Death Knight
3 Death Coil
3 Unholy Aura
6 Lich
2 Frost Nova
3 Frost Armor
1 Death and Decay
3 Crypt Lord
2 Impale
1 Spiked Carapace
» actions
| Assign group hotkey | 80 | |
| Build / train | 85 | |
| Enter build submenu | 20 | |
| Enter hero's abilities submenu | 15 | |
| Give item / drop item | 4 | |
| Right click | 1389 | |
| Select / deselect | 464 | |
| Select group hotkey | 59 | |
| Use ability | 118 | |
2234 total
» units
| Acolyte | 12 | |
| Ghoul | 4 | |
| Crypt Fiend | 12 | |
| Obsidian Statue | 4 | |
| Frost Wyrm | 5 | |
| Abomination | 1 | |
38 total
» upgrades
| Web | 1 | |
| Creature Attack | 3 | |
| Creature Carapace | 3 | |
| Freezing Breath | 1 | |
8 total
» buildings
| Crypt | 1 | |
| Graveyard | 1 | |
| Altar of Darkness | 1 | |
| Ziggurat | 12 | |
| Tomb of Relics | 1 | |
| Nerubian Tower | 2 | |
| Halls of the Dead | 1 | |
| Spirit Tower | 9 | |
| Sacrificial Pit | 1 | |
| Slaughterhouse | 1 | |
| Black Citadel | 1 | |
| Boneyard | 2 | |
33 total
» build order
00:14 Crypt
00:19 Graveyard
00:46 Altar of Darkness
01:00 Ziggurat
01:50 Tomb of Relics
02:41 Ziggurat
03:18 Nerubian Tower
04:09 Halls of the Dead
04:46 Ziggurat
07:22 Ziggurat
09:26 Ziggurat
09:28 Ziggurat
09:30 Ziggurat
09:32 Ziggurat
10:02 Spirit Tower
10:05 Sacrificial Pit
10:20 Spirit Tower
10:21 Nerubian Tower
10:22 Spirit Tower
10:24 Spirit Tower
10:32 Slaughterhouse
10:45 Black Citadel
13:11 Spirit Tower
13:13 Ziggurat
13:15 Ziggurat
13:16 Ziggurat
15:23 Boneyard
15:25 Boneyard
16:07 Spirit Tower
16:10 Spirit Tower
18:49 Spirit Tower
18:51 Spirit Tower
18:56 Ziggurat
» items
| Rod of Necromancy | 2 | |
| Dust of Appearance | 1 | |
| Potion of Healing | 1 | |
| Scroll of Town Portal | 3 | |
| Orb of Corruption | 1 | |
8 total
brucewillisusa (
purple | 38 APM | 8743 actions | 227:32)
9 Paladin
3 Holy Light
3 Devotion Aura
1 Resurrection
2 Divine Shield
10 Archmage
3 Summon Water Elemental
3 Blizzard
3 Brilliance Aura
1 Mass Teleport
9 Mountain King
3 Storm Bolt
3 Bash
1 Avatar
2 Thunder Clap
» actions
| Assign group hotkey | 171 | |
| Basic commands | 297 | |
| Build / train | 192 | |
| ESC pressed | 9 | |
| Enter build submenu | 184 | |
| Enter hero's abilities submenu | 29 | |
| Give item / drop item | 15 | |
| Right click | 3611 | |
| Select / deselect | 1708 | |
| Select group hotkey | 1416 | |
| Use ability | 1111 | |
8743 total
» units
| Peasant | 32 | |
| Siege Engine | 11 | |
| Dragonhawk Rider | 11 | |
| Spell Breaker | 2 | |
| Flying Machine | 2 | |
58 total
» upgrades
| Masonry | 3 | |
| Lumber Harvesting | 2 | |
| Barrage | 1 | |
| Plating | 3 | |
| Gunpowder | 3 | |
| Flak Cannons | 1 | |
| Swords | 3 | |
| Armor | 3 | |
| Cloud | 1 | |
| Animal War Training | 1 | |
| Fragmentation Shards | 1 | |
| Storm Hammers | 1 | |
| Magic Sentry | 1 | |
24 total
» buildings
| Farm | 20 | |
| Altar of Kings | 1 | |
| Scout Tower | 116 | |
| Lumber Mill | 67 | |
| Keep | 1 | |
| Town Hall | 2 | |
| Arcane Vault | 1 | |
| Castle | 1 | |
| Guard Tower | 37 | |
| Blacksmith | 2 | |
| Workshop | 5 | |
| Gryphon Aviary | 2 | |
| Barracks | 1 | |
| Arcane Sanctum | 1 | |
| Arcane Tower | 1 | |
258 total
» build order
00:25 Farm
00:40 Altar of Kings
01:04 Farm
01:20 Scout Tower
01:21 Scout Tower
01:22 Scout Tower
02:03 Lumber Mill
02:04 Lumber Mill
02:15 Scout Tower
02:18 Lumber Mill
02:21 Lumber Mill
02:23 Lumber Mill
02:28 Lumber Mill
02:31 Lumber Mill
02:36 Lumber Mill
02:39 Lumber Mill
02:41 Lumber Mill
02:42 Lumber Mill
02:48 Lumber Mill
02:50 Lumber Mill
02:55 Lumber Mill
02:57 Lumber Mill
03:02 Lumber Mill
03:03 Lumber Mill
03:15 Lumber Mill
03:22 Lumber Mill
03:30 Farm
03:48 Keep
04:37 Town Hall
04:44 Lumber Mill
04:48 Arcane Vault
05:52 Scout Tower
05:53 Scout Tower
05:54 Scout Tower
06:10 Castle
06:34 Guard Tower
06:36 Guard Tower
06:39 Guard Tower
07:11 Guard Tower
07:12 Guard Tower
07:15 Guard Tower
07:27 Guard Tower
08:26 Scout Tower
08:28 Scout Tower
08:28 Scout Tower
09:17 Guard Tower
09:28 Town Hall
09:41 Scout Tower
09:42 Scout Tower
10:24 Guard Tower
10:28 Scout Tower
10:29 Scout Tower
10:50 Guard Tower
11:07 Scout Tower
11:10 Scout Tower
11:11 Scout Tower
12:09 Guard Tower
12:11 Scout Tower
12:12 Scout Tower
12:15 Scout Tower
12:15 Scout Tower
12:20 Scout Tower
12:20 Scout Tower
12:21 Scout Tower
12:23 Scout Tower
12:23 Scout Tower
12:26 Scout Tower
12:27 Scout Tower
12:28 Scout Tower
12:28 Scout Tower
12:29 Scout Tower
12:33 Guard Tower
12:36 Scout Tower
12:37 Scout Tower
12:38 Scout Tower
12:39 Scout Tower
12:52 Blacksmith
12:54 Blacksmith
13:05 Guard Tower
13:05 Guard Tower
13:06 Guard Tower
13:30 Guard Tower
13:35 Guard Tower
13:52 Guard Tower
13:54 Guard Tower
14:33 Workshop
15:23 Workshop
15:25 Workshop
16:02 Scout Tower
16:03 Scout Tower
16:04 Scout Tower
16:05 Scout Tower
16:06 Scout Tower
16:07 Scout Tower
16:07 Scout Tower
16:12 Scout Tower
16:12 Scout Tower
16:13 Scout Tower
16:14 Scout Tower
16:15 Scout Tower
16:16 Scout Tower
16:18 Scout Tower
16:18 Scout Tower
16:21 Scout Tower
16:22 Scout Tower
16:42 Guard Tower
16:49 Farm
16:49 Farm
16:50 Farm
16:51 Farm
17:06 Guard Tower
17:24 Guard Tower
17:36 Guard Tower
17:47 Workshop
17:49 Farm
17:49 Farm
18:42 Workshop
18:49 Scout Tower
18:54 Scout Tower
19:09 Scout Tower
19:10 Scout Tower
19:11 Scout Tower
19:48 Guard Tower
20:32 Gryphon Aviary
20:33 Gryphon Aviary
20:35 Farm
20:37 Farm
20:40 Guard Tower
20:57 Guard Tower
22:30 Barracks
22:48 Lumber Mill
22:52 Lumber Mill
22:56 Lumber Mill
22:59 Lumber Mill
23:02 Lumber Mill
23:08 Lumber Mill
23:14 Lumber Mill
23:24 Scout Tower
23:25 Scout Tower
23:27 Scout Tower
23:35 Lumber Mill
23:38 Lumber Mill
23:42 Lumber Mill
23:45 Lumber Mill
23:49 Lumber Mill
23:52 Lumber Mill
23:54 Lumber Mill
24:03 Lumber Mill
25:11 Lumber Mill
25:14 Lumber Mill
25:17 Lumber Mill
25:19 Lumber Mill
25:21 Lumber Mill
25:25 Lumber Mill
25:36 Lumber Mill
25:46 Lumber Mill
26:26 Scout Tower
26:27 Scout Tower
26:28 Scout Tower
26:29 Scout Tower
26:30 Scout Tower
27:13 Guard Tower
27:14 Scout Tower
27:15 Scout Tower
27:16 Scout Tower
27:17 Scout Tower
27:18 Scout Tower
27:25 Lumber Mill
27:26 Lumber Mill
27:27 Lumber Mill
27:28 Lumber Mill
27:29 Lumber Mill
27:30 Lumber Mill
27:31 Lumber Mill
27:34 Scout Tower
27:34 Scout Tower
28:04 Scout Tower
28:05 Scout Tower
28:05 Scout Tower
28:06 Scout Tower
28:17 Scout Tower
28:17 Scout Tower
28:30 Guard Tower
28:32 Scout Tower
28:33 Scout Tower
28:34 Scout Tower
28:35 Scout Tower
28:36 Scout Tower
29:28 Guard Tower
29:30 Scout Tower
29:31 Scout Tower
29:32 Scout Tower
29:33 Scout Tower
29:34 Scout Tower
30:41 Guard Tower
30:44 Scout Tower
30:46 Scout Tower
30:47 Scout Tower
30:48 Scout Tower
30:49 Scout Tower
31:11 Lumber Mill
31:14 Lumber Mill
31:17 Lumber Mill
31:19 Lumber Mill
31:23 Scout Tower
31:28 Scout Tower
31:32 Lumber Mill
31:33 Lumber Mill
31:34 Lumber Mill
31:36 Lumber Mill
31:36 Lumber Mill
31:59 Lumber Mill
32:03 Scout Tower
32:57 Guard Tower
36:24 Lumber Mill
36:29 Lumber Mill
40:02 Arcane Sanctum
42:36 Guard Tower
42:39 Guard Tower
45:22 Scout Tower
45:22 Scout Tower
45:39 Scout Tower
45:40 Scout Tower
45:40 Scout Tower
45:41 Scout Tower
45:42 Scout Tower
46:15 Guard Tower
47:24 Guard Tower
51:16 Lumber Mill
51:19 Lumber Mill
51:27 Scout Tower
51:29 Scout Tower
51:36 Scout Tower
52:02 Lumber Mill
58:38 Farm
58:39 Farm
58:42 Farm
58:49 Farm
58:52 Farm
59:50 Farm
60:07 Farm
60:08 Farm
60:09 Farm
64:31 Scout Tower
64:33 Scout Tower
66:00 Guard Tower
83:46 Scout Tower
84:13 Arcane Tower
84:22 Lumber Mill
84:31 Lumber Mill
90:29 Scout Tower
90:34 Scout Tower
105:14 Scout Tower
105:21 Scout Tower
106:46 Scout Tower
106:50 Scout Tower
106:59 Scout Tower
» items
| Scroll of Regeneration | 2 | |
| Ivory Tower | 11 | |
| Boots of Speed | 4 | |
| Staff of Teleportation | 3 | |
| Scroll of Town Portal | 5 | |
| Orb of Lightning | 5 | |
| Orb of Corruption | 3 | |
| Tome of Retraining | 1 | |
| Scroll of Protection | 1 | |
| Staff of Sanctuary | 2 | |
37 total

»
Cyber-Goldfish (
red | 8 APM | 1182 actions | 157:16)
2 Warden
1 Shadow Strike
1 Blink
1 Keeper of the Grove
1 Entangling Roots
» actions
| Assign group hotkey | 6 | |
| Build / train | 31 | |
| Enter build submenu | 11 | |
| Enter hero's abilities submenu | 3 | |
| Give item / drop item | 1 | |
| Remove unit from queue | 1 | |
| Right click | 397 | |
| Select / deselect | 648 | |
| Select group hotkey | 41 | |
| Use ability | 42 | |
1182 total
» units
| Wisp | 13 | |
| Archer | 5 | |
| Huntress | 1 | |
| Hippogryph | 1 | |
20 total
» upgrades
» buildings
| Altar of Elders | 1 | |
| Moon Well | 4 | |
| Ancient of War | 1 | |
| Hunter's Hall | 1 | |
| Tree of Ages | 1 | |
| Ancient Protector | 1 | |
| Ancient of Wind | 2 | |
| Tree of Life | 1 | |
12 total
» build order
00:07 Altar of Elders
00:19 Moon Well
00:58 Ancient of War
01:28 Moon Well
01:30 Moon Well
02:29 Hunter's Hall
03:37 Tree of Ages
05:12 Ancient Protector
08:07 Moon Well
08:59 Ancient of Wind
09:37 Ancient of Wind
24:31 Tree of Life
» items
| Tiny Great Hall | 1 | |
| Dust of Appearance | 1 | |
| Scroll of Town Portal | 1 | |
| Orb of Corruption | 1 | |
4 total
ionlymaketowers (
pink | 19 APM | 4366 actions | 227:31)
10 Blademaster
3 Critical Strike
3 Wind Walk
1 Bladestorm
3 Mirror Image
» actions
| Assign group hotkey | 28 | |
| Basic commands | 228 | |
| Build / train | 63 | |
| ESC pressed | 2 | |
| Enter build submenu | 44 | |
| Enter hero's abilities submenu | 11 | |
| Give item / drop item | 9 | |
| Right click | 2124 | |
| Select / deselect | 1145 | |
| Select group hotkey | 553 | |
| Use ability | 159 | |
4366 total
» units
| Peon | 9 | |
| Grunt | 4 | |
| Raider | 3 | |
| Troll Batrider | 5 | |
| Wind Rider | 4 | |
| Troll Witch Doctor | 1 | |
26 total
» upgrades
| Armor | 2 | |
| Pillage | 1 | |
| Melee Weapons | 3 | |
| Ensnare | 1 | |
| Reinforced Defenses | 1 | |
| Ranged Weapons | 2 | |
| Liquid Fire | 1 | |
| Envenomed Spears | 1 | |
| Witch Doctor Training | 1 | |
13 total
» buildings
| Altar of Storms | 2 | |
| Orc Burrow | 8 | |
| War Mill | 1 | |
| Watch Tower | 9 | |
| Barracks | 1 | |
| Stronghold | 2 | |
| Voodoo Lounge | 2 | |
| Beastiary | 7 | |
| Fortress | 1 | |
| Great Hall | 2 | |
| Spirit Lodge | 1 | |
36 total
» build order
00:05 Altar of Storms
00:19 Orc Burrow
00:37 War Mill
01:44 Orc Burrow
02:44 Watch Tower
03:14 Barracks
03:35 Watch Tower
03:39 Watch Tower
03:44 Orc Burrow
04:02 Stronghold
05:15 Watch Tower
05:43 Watch Tower
06:32 Watch Tower
06:47 Voodoo Lounge
07:03 Watch Tower
07:26 Beastiary
07:31 Beastiary
08:10 Fortress
08:40 Beastiary
09:25 Orc Burrow
10:31 Beastiary
11:55 Watch Tower
16:07 Orc Burrow
17:27 Watch Tower
18:24 Beastiary
18:27 Beastiary
18:45 Beastiary
20:02 Voodoo Lounge
20:24 Orc Burrow
21:23 Great Hall
24:29 Orc Burrow
54:50 Great Hall
57:29 Stronghold
58:12 Orc Burrow
59:52 Spirit Lodge
64:04 Altar of Storms
» items
| Scroll of Town Portal | 3 | |
| Orb of Lightning | 1 | |
| Potion of Healing | 2 | |
| Orb of Corruption | 1 | |
| Staff of Teleportation | 1 | |
| Boots of Speed | 1 | |
9 total
Chat log
(00:07 / All) am870910: did u see cop out?
(00:12 / Allies) Cyber-Goldfish: plan?
(00:19 / Allies) brucewillisusa: lets only make towers
(02:05 / All) am870910: there was a study done on WC players and 6 out of 10 players are fat and 3 out of 10 are obese
(02:16 / All) the)enigma: im too skinny
(02:19 / All) urMOMisFAT: REALLY?
(02:20 / All) urMOMisFAT: HAHA
(02:28 / All) the)enigma: yeah just below healthy
(04:51 / Allies) Cyber-Goldfish: purple
(04:56 / Allies) brucewillisusa: .
(04:57 / Allies) brucewillisusa: ya
(04:58 / Allies) Cyber-Goldfish: why do i see so many lumber mills
(05:07 / Allies) brucewillisusa: cuz you dont know how to mind your own
(05:08 / Allies) brucewillisusa: real talk
(05:17 / Allies) Cyber-Goldfish: seriously
(05:24 / Allies) urMOMisFAT: WHAT?
(05:54 / Allies) urMOMisFAT: OH U LITTLE FAGGOT
(06:02 / Allies) brucewillisusa: what its just so they dont rush me
(06:12 / Allies) urMOMisFAT: MY EXPO
(06:14 / Allies) Cyber-Goldfish: but i cant click
(06:14 / Allies) Cyber-Goldfish: them
(06:20 / Allies) brucewillisusa: sorry i need both expos
(06:47 / Allies) brucewillisusa: why do you even want in here goldfish
(06:56 / Allies) Cyber-Goldfish: i just wanna know whats going on
(07:08 / Allies) brucewillisusa: im constructing a land-proof fortress
(07:18 / Allies) ionlymaketowers: bats
(07:30 / Allies) Cyber-Goldfish: but how can u make it all unclickable
(07:37 / All) am870910: so about that study it was done by some european copnay
(07:37 / Allies) urMOMisFAT: HES A NEWBIE HACKER
(07:40 / Allies) brucewillisusa: you have to have a 1500 icon
(07:43 / Allies) brucewillisusa: tounlock this bonus
(08:53 / Allies) urMOMisFAT: PINK
(08:55 / Allies) urMOMisFAT: HELP WTF
(08:59 / Allies) urMOMisFAT: WTF NEWB
(09:35 / Allies) urMOMisFAT: WHOS MAKING BATS?
(09:48 / Allies) urMOMisFAT: LETS ATTACK
(10:09 / Allies) Cyber-Goldfish: wood anybody?
(10:11 / Allies) urMOMisFAT: WTF
(10:48 / Allies) Cyber-Goldfish: wood anybody
(10:51 / Allies) urMOMisFAT: LETS ATTACK
(11:15 / Allies) urMOMisFAT: WHERE
(11:52 / Allies) urMOMisFAT: MASS GRIFFS
(11:56 / All) brucewillisusa: wow
(11:58 / All) brucewillisusa: chill out with your fag lag
(12:12 / Allies) Cyber-Goldfish: its over for me
(12:17 / Allies) urMOMisFAT: WOW
(12:27 / Allies) urMOMisFAT: BRUCE 3K?
(12:29 / Allies) urMOMisFAT: COME ON NOW WTF
(12:38 / Allies) urMOMisFAT: PINK
(12:40 / Allies) urMOMisFAT: MASS BATS
(12:40 / Allies) urMOMisFAT: NOW
(12:42 / Allies) urMOMisFAT: BATS
(13:06 / Allies) urMOMisFAT: MASS TOWERS PURPLE
(13:39 / Allies) urMOMisFAT: CAN WE ATTACK
(13:39 / Allies) urMOMisFAT: WTF
(13:46 / Allies) brucewillisusa: does wood even exist?
(14:11 / All) urMOMisFAT: THIS SHIT 4V1
(14:21 / Allies) brucewillisusa: can i have some wood
(14:26 / All) idonttrytowin: shut up
(14:33 / All) urMOMisFAT: U SHUT THE FUCK UP NEWB
(14:40 / All) urMOMisFAT: PURPLE IS HACKING HIS BALLS OFF
(14:44 / All) urMOMisFAT: UR NOT GONNA BE ABLE TO WIN
(14:54 / All) idonttrytowin: we understood this
(14:57 / All) idonttrytowin: from the get go
(15:03 / All) idonttrytowin: you fucking idiot
(15:09 / All) am870910: wat kind of hack is that
(15:32 / All) brucewillisusa: ping more
(15:35 / All) brucewillisusa: thats not annoying at all
(15:50 / All) am870910: dont worry purp will get disc hacked
(15:50 / Allies) urMOMisFAT: PINK
(15:51 / Allies) urMOMisFAT: MEET
(17:47 / Allies) urMOMisFAT: TP
(17:48 / Allies) urMOMisFAT: NOW
(17:49 / Allies) urMOMisFAT: TP
(17:51 / Allies) urMOMisFAT: REPAIR PINK
(18:08 / Allies) urMOMisFAT: AFTWR THIS WE HIT OJ
(18:21 / Allies) Cyber-Goldfish: so many knights
(18:25 / All) urMOMisFAT: WHAT PART OF TP PINK DIDNT U UNDERSTAND
(19:07 / Allies) urMOMisFAT: GOLD ME PURPLE
(19:17 / Allies) brucewillisusa: youre in high upkeep noob
(19:20 / Allies) urMOMisFAT: I GAVE U WOOD
(19:24 / Allies) urMOMisFAT: SO WHAT U HAVE 3K
(19:27 / Allies) brucewillisusa: i would be giving 70 gold to player 16
(19:29 / Allies) brucewillisusa: and 30 to you
(19:44 / Allies) brucewillisusa: if you want you can share control and ill buy you a coupel tps
(20:42 / Allies) urMOMisFAT: KEEP AN EYE ON MY
(20:51 / Allies) brucewillisusa: theyre expoign mid
(21:20 / Allies) brucewillisusa: u should probably hand ur tps off to ur dk
(22:54 / Allies) urMOMisFAT: IMA TRY AND
(22:56 / Allies) urMOMisFAT: SAVE THE DAY
(22:58 / Allies) urMOMisFAT: BUT IMA FAIL
(23:05 / Allies) urMOMisFAT: PINK
(23:06 / Allies) urMOMisFAT: FF HEROS
(23:07 / Allies) urMOMisFAT: GO
(23:34 / All) idonttrytowin: god you're bad
(23:39 / All) brucewillisusa: nerd rage
(23:46 / All) urMOMisFAT: NO TANKS TO SAVE U NEWBS
(23:51 / All) am870910: stfu nub
(24:27 / Allies) urMOMisFAT: GOLD
(25:11 / All) urMOMisFAT: PINK ONLY HAS A FUCKING LEVVELL 3 HERO
(26:38 / Allies) urMOMisFAT: GO KILL TANKS
(27:10 / All) urMOMisFAT: TAKES ALL 4 OF U TO BEAT ME?
(27:36 / All) urMOMisFAT: ROFL
(27:38 / All) urMOMisFAT: 4V1
(27:40 / All) urMOMisFAT: U ENWBSIES
(28:01 / All) urMOMisFAT: THATS HOW BAD U SUCK
(28:05 / All) urMOMisFAT: IMAGINE IF I HAD ALLIES
(28:22 / All) am870910: same ehre
(28:22 / Allies) urMOMisFAT: GOLD ME PURPLE
(28:35 / All) idonttrytowin: they didnt even fight you 3v1
(28:37 / All) idonttrytowin: let alone 4v1
(28:41 / All) urMOMisFAT: WHAT
(28:41 / All) idonttrytowin: they just sort of trained in
(28:43 / All) idonttrytowin: 1 by 1
(28:46 / All) urMOMisFAT: U SENT AL UR BATS NEWB
(28:51 / All) urMOMisFAT: THAT SHIT WAS
(29:20 / Allies) urMOMisFAT: HELP
(29:21 / Allies) urMOMisFAT: FUCK
(29:34 / All) urMOMisFAT: THATS NOT 3 ARMIES?
(29:47 / All) idonttrytowin: thats 2 right there
(29:48 / All) brucewillisusa: seriously how are you guys losing 4v1
(30:01 / All) brucewillisusa: just have soemone get 24 bats and be done with his air
(30:36 / All) urMOMisFAT: ROFL
(30:38 / All) urMOMisFAT: UR ALL NEWBS
(31:24 / All) urMOMisFAT: SEE HOW BAD U PEOPLE ARE
(31:27 / All) idonttrytowin: see you think you're doing well but you're just playing reasonably smart
(31:28 / All) am870910: stfu
(31:31 / All) idonttrytowin: and fighting 1v1
(31:31 / All) urMOMisFAT: 3V1
(31:33 / All) urMOMisFAT: ROFL
(31:39 / All) idonttrytowin: i mean yea you're 3v1
(31:43 / Allies) Cyber-Goldfish: if they were smart they would get dragonhawks
(31:44 / Allies) Cyber-Goldfish: for purp
(32:19 / All) urMOMisFAT: U NEWBS ARE PATHETIC
(32:23 / All) urMOMisFAT: RUIN THIS GAME
(32:24 / All) am870910: riht
(32:26 / All) urMOMisFAT: I OWN ALL OF YOU
(32:27 / All) am870910: u know u won so stfu
(32:29 / All) urMOMisFAT: KEEP HACKING
(32:31 / All) urMOMisFAT: UR TRASH
(32:42 / All) am870910: disc hacking u and purp
(32:50 / All) brucewillisusa: how are you going to disc hack me noob
(32:51 / All) urMOMisFAT: OF COURSE U ARE
(32:53 / All) brucewillisusa: ull just disc your allies
(32:54 / All) urMOMisFAT: CAUSE UR TRASH
(32:56 / All) urMOMisFAT: I RAPED U
(33:02 / All) urMOMisFAT: AND WILL ALWAYS RAPE NEWBIES LIKE U
(33:11 / Allies) Cyber-Goldfish: hmm...this is weird
(33:14 / All) urMOMisFAT: WILL HE DISC ME PURP
(33:20 / Allies) Cyber-Goldfish: never been around all of this hacking
(34:12 / Allies) brucewillisusa: you always have a safe home in my castle, guys
(34:44 / All) urMOMisFAT: YAH THAT WASN'T 3V1
(34:48 / All) urMOMisFAT: TEAL UR A NEWB
(34:52 / All) idonttrytowin: ok
(34:57 / All) urMOMisFAT: WHEN IM GETTING BOLTED BY 2 ARMIES
(34:57 / All) idonttrytowin: you fought 3v1 there specifically
(35:00 / All) idonttrytowin: ok yea
(35:01 / All) urMOMisFAT: AND BM SNIPED
(35:03 / All) idonttrytowin: yea
(35:04 / All) urMOMisFAT: YEAH THATS A 1V1
(35:07 / All) idonttrytowin: but regardless
(35:11 / All) idonttrytowin: you're still a bad player
(35:15 / All) urMOMisFAT: LOL?
(35:20 / All) urMOMisFAT: ROFL
(35:22 / All) am870910: word blue suks ass
(35:26 / All) am870910: just talks
(35:28 / All) urMOMisFAT: IF UR GONNA TALK SHIT ATLEAST KNOW WHAT UR SAYING NEWB
(35:36 / All) urMOMisFAT: I WOULD OWN ANY OF U 1V1
(35:37 / All) idonttrytowin: you're a bad player
(35:44 / All) urMOMisFAT: YEAH AND UR GOOD?
(35:48 / All) urMOMisFAT: WHAT LEVEL IS UR BM?
(35:49 / All) idonttrytowin: you're just decent enough to fuck with some kids in 4v4 rt
(35:50 / All) urMOMisFAT: HAHA
(35:54 / All) idonttrytowin: yea im probably better than you
(35:57 / All) idonttrytowin: but that's not saying much
(36:02 / All) urMOMisFAT: LOL
(36:14 / Allies) Cyber-Goldfish: hmm whats making you kill yourself purp?
(36:21 / Allies) brucewillisusa: just consolidating
(36:27 / All) urMOMisFAT: HAVE U EVEN EVER BEEN RANKED U NEWB?
(36:34 / All) urMOMisFAT: WHY ARE U EVEN SPEAKING
(36:40 / All) idonttrytowin: who hasnt been ranked
(36:41 / All) idonttrytowin: stfu
(36:48 / All) idonttrytowin: ''have u ever been ranked''
(36:50 / All) idonttrytowin: lmao
(36:57 / All) urMOMisFAT: ?
(37:06 / All) urMOMisFAT: SIMPLE QUESTION GOOD RESPONSE
(37:14 / All) idonttrytowin: dumb question
(37:20 / Allies) urMOMisFAT: WHAT ARE U DOING
(37:21 / All) idonttrytowin: you're not smart enough to communicate to
(37:26 / Allies) brucewillisusa: those are just free xp
(37:27 / Allies) brucewillisusa: kililng them
(37:31 / Allies) brucewillisusa: so they have to go for my main area
(37:36 / All) urMOMisFAT: U DON'T UNDERSTAND ENGLISH?
(37:46 / All) idonttrytowin: no you see
(37:50 / All) idonttrytowin: my point is that you dont understand
(37:56 / All) idonttrytowin: and right there you proved it again
(38:00 / All) urMOMisFAT: I ASK HAVE U EVER BEEN RANKED
(38:06 / All) am870910: stfu cunt
(38:08 / All) idonttrytowin: and i said
(38:11 / All) idonttrytowin: thats ad umb fucking question
(38:12 / All) urMOMisFAT: ROFL
(38:15 / All) idonttrytowin: because everyone has fucking been ranked
(38:18 / All) am870910: wat do u do for a living fat bitch
(38:25 / All) urMOMisFAT: HAHA NOW I KNOW UR A NEWB
(38:34 / All) urMOMisFAT: CASE CLOSE UR A WASTE OF MY TIME
(38:41 / All) am870910: right press alt q q
(38:42 / All) urMOMisFAT: AFK
(38:44 / All) idonttrytowin: because everyone has beenk ranked?
(38:48 / All) idonttrytowin: thats dumb as shit lmao
(38:55 / All) urMOMisFAT: PURPLE GJ WASTING EVERYONES TIME
(39:22 / Allies) urMOMisFAT: WHY DONT U GET MORE EXPOS PURPLE
(39:28 / Allies) brucewillisusa: too late for that
(39:39 / Allies) urMOMisFAT: U THINK U CAN WIN?
(39:41 / All) brucewillisusa: has anyone here ever been high perched?
(39:44 / Allies) brucewillisusa: ya
(39:52 / Allies) brucewillisusa: i just have to wait 2 days for them to go afk then make a move
(39:52 / Allies) urMOMisFAT: THEY HAVE BATS
(39:55 / Allies) urMOMisFAT: AND
(39:57 / Allies) brucewillisusa: ill stay up with cocaine
(39:59 / Allies) urMOMisFAT: HAWKS
(40:24 / Allies) brucewillisusa: u should get a tp
(40:25 / Allies) Cyber-Goldfish: speed building
(40:28 / Allies) ionlymaketowers: no money
(40:29 / Allies) brucewillisusa: so u can come to my safe house in an emergency
(40:36 / Allies) brucewillisusa: get a boots too
(40:55 / Allies) urMOMisFAT: PINK U SHULD LET ME CONTROL HIM
(40:57 / Allies) urMOMisFAT: IM GOOD WITH BM
(41:18 / Allies) urMOMisFAT: GREENS HACKING TOO THOUGH
(42:30 / Allies) urMOMisFAT: IM SURPRISED U HAVEN'T TALKING SHIT ABOUT MY UD PURPLE
(42:33 / Allies) urMOMisFAT: U ALWAYS DO
(42:38 / Allies) urMOMisFAT: FIENDS BLAH BLAH BLAH
(42:39 / Allies) brucewillisusa: lol
(42:40 / Allies) Cyber-Goldfish: how is green hacking
(42:51 / Allies) urMOMisFAT: HES DOING THE SAME SHIT
(42:51 / Allies) brucewillisusa: the war mills
(42:52 / Allies) brucewillisusa: are a hack
(42:55 / Allies) ionlymaketowers: lol purple. you should have gotten the mass tp with am
(42:57 / Allies) Cyber-Goldfish: oh
(42:58 / Allies) brucewillisusa: the ones they cant walk through
(42:58 / Allies) Cyber-Goldfish: lol
(43:14 / Allies) Cyber-Goldfish: the waiting game i suppsoe?
(43:26 / Allies) ionlymaketowers: yeah basically til they run out of money
(43:27 / Allies) Cyber-Goldfish: tanks?
(43:36 / Allies) urMOMisFAT: HAWK
(43:56 / Allies) urMOMisFAT: YO
(44:02 / Allies) urMOMisFAT: MOVE A HAWK SO HE CAN TELEPORT TO IT
(44:04 / Allies) urMOMisFAT: THEN
(44:08 / Allies) urMOMisFAT: HE CAN GO STORM A BASE
(44:11 / Allies) brucewillisusa: u cant tp to a hawk
(44:15 / Allies) brucewillisusa: you can staff to a shade though
(44:22 / Allies) urMOMisFAT: TRUE
(44:30 / All) brucewillisusa: those tanks look useful
(44:36 / Allies) urMOMisFAT: PINK BLADE STORM IT UP DUDE
(44:47 / All) am870910: purp is going to be so mad when he cant log into his account
(44:49 / All) Cyber-Goldfish: wtf do you ppl come up w/ these hacks?
(44:55 / All) urMOMisFAT: STFU
(45:02 / All) urMOMisFAT: WHY ARE U NEWBS EVEN STILL HERE
(45:03 / All) am870910: go suk a dick blue
(45:05 / Allies) Cyber-Goldfish: haha i have 2k
(45:07 / All) brucewillisusa: if that happened iw ould jsut die
(45:14 / All) am870910: well i got a computer and a laptop
(45:17 / All) am870910: playing on other one
(45:17 / Allies) ionlymaketowers: 2k what?
(45:28 / All) idonttrytowin: all you kids got mad losses why are any of you here
(45:32 / All) brucewillisusa: reported for owning multiple computers
(45:36 / All) idonttrytowin: aint like one more loss is gonna matter
(45:52 / All) brucewillisusa: i like how your name is an excuse for sucking teal
(45:54 / All) urMOMisFAT: ROFL BRUCE
(45:58 / All) brucewillisusa: before you even playd your first game on it
(46:01 / All) brucewillisusa: you already had an excuse
(46:03 / All) brucewillisusa: for losing
(46:06 / All) idonttrytowin: what
(46:07 / All) idonttrytowin: yea
(46:14 / All) idonttrytowin: because idiots
(46:15 / Allies) urMOMisFAT: PINK U THERE?
(46:17 / All) idonttrytowin: dont understand
(46:20 / Allies) urMOMisFAT: OK
(46:22 / All) idonttrytowin: when i tell them im not trying to win
(46:30 / All) brucewillisusa: is it important to you that people know you arent trying?
(46:46 / All) idonttrytowin: yea i guess it was eventually
(46:57 / All) idonttrytowin: it was annoying you know
(46:58 / Allies) urMOMisFAT: GET HIM
(47:01 / Allies) urMOMisFAT: IMA HELP U WITH SHADE
(47:38 / All) urMOMisFAT: HAHAHA
(47:38 / All) brucewillisusa: i thought i was gonna be facing like
(47:41 / All) brucewillisusa: 400 food of bloodlusted air
(47:46 / All) brucewillisusa: so far its been two groups of 10 gryphons
(47:50 / All) brucewillisusa: kinda disappointed
(48:00 / All) idonttrytowin: my allies dont have gold
(48:28 / All) brucewillisusa: green maybe you shouldnt mine gold at high upkeep
(49:06 / Allies) urMOMisFAT: RED GIVE PURPLE UR GOLD
(49:14 / Allies) urMOMisFAT: PURP JUST USE A DISC HACK
(49:14 / Allies) ionlymaketowers: or give me gold
(49:17 / Allies) urMOMisFAT: I KNOW U HAVE IT
(49:26 / Allies) brucewillisusa: no i would have used at start if i wanted to do that
(49:49 / All) am870910: oh no
(50:05 / All) brucewillisusa: to make this a little more interesting ill tell you
(50:09 / All) brucewillisusa: you can tp past hte barrier
(50:15 / All) brucewillisusa: if you make a town hall close to it
(50:26 / All) urMOMisFAT: SHUT UP
(50:30 / All) urMOMisFAT: JESUS
(50:33 / Allies) ionlymaketowers: red are you there
(50:42 / All) urMOMisFAT: NOW THE NEWBS GONNA KEEP TRYING
(50:58 / Allies) urMOMisFAT: ROFL
(51:05 / Allies) urMOMisFAT: THIS IS PATHETIC
(52:23 / Allies) brucewillisusa: get the shade somewhere safe
(52:26 / Allies) brucewillisusa: so he can staff to it
(53:02 / Allies) ionlymaketowers: i don't understand what they're wiating for
(53:11 / Allies) brucewillisusa: prolly slowly working up to 100 food of air
(53:19 / Allies) brucewillisusa: if the orc goes 100 food bats and follows them in
(53:21 / Allies) brucewillisusa: it could get ugly lol
(53:29 / Allies) brucewillisusa: thats why im not gonna defend the bottom island
(53:30 / Allies) brucewillisusa: too risky
(53:51 / Allies) Cyber-Goldfish: is its possible for you to even lose?
(53:57 / Allies) ionlymaketowers: red give me gold
(53:59 / Allies) brucewillisusa: once i lose my crap im gonna leave
(54:05 / Allies) brucewillisusa: im not gonna stay when only the lumber mills are left
(54:24 / Allies) Cyber-Goldfish: y not?
(54:27 / Allies) ionlymaketowers: red give me gold so i can build
(54:27 / Allies) brucewillisusa: too boring
(54:43 / Allies) ionlymaketowers: ty
(54:48 / Allies) Cyber-Goldfish: green is gonna make air
(54:52 / Allies) Cyber-Goldfish: hes killing his units
(55:02 / Allies) ionlymaketowers: you want me to go bats purp?
(55:05 / Allies) ionlymaketowers: or something else
(55:06 / Allies) brucewillisusa: i have a fighting chance with tanks/hawks/towers
(55:22 / Allies) brucewillisusa: if you have the resources, bloodlust and heal ward swould probably be best
(55:24 / Allies) brucewillisusa: or wyvs
(55:50 / Allies) ionlymaketowers: maybe i'll have enough. we'll see
(55:54 / All) brucewillisusa: cut my knight into pieces
(55:57 / All) brucewillisusa: this is my last resort
(56:53 / Allies) brucewillisusa: go scout that with shade
(56:54 / Allies) brucewillisusa: its funny
(57:10 / Allies) ionlymaketowers: are they mining with a million peasants?
(57:13 / Allies) brucewillisusa: ya
(57:17 / Allies) ionlymaketowers: lol
(57:17 / Allies) brucewillisusa: i blocked it up with lumber mills
(57:21 / Allies) brucewillisusa: so they had to mine from really far away
(57:42 / Allies) Cyber-Goldfish: i think i know their strategy
(57:48 / Allies) Cyber-Goldfish: mass bats and hawks
(57:54 / Allies) ionlymaketowers: probably gona bats his hawks
(57:57 / Allies) ionlymaketowers: then cloud his towers
(58:04 / Allies) brucewillisusa: yep
(58:19 / Allies) Cyber-Goldfish: told ya
(58:21 / Allies) brucewillisusa: rofl look at allt hat air
(58:22 / Allies) brucewillisusa: scary
(61:05 / Allies) brucewillisusa: forgot about fucking blizazard
(61:07 / Allies) Cyber-Goldfish: i think you lost purp
(61:12 / Allies) ionlymaketowers: which one you rather have?
(61:14 / Allies) ionlymaketowers: lust or ward
(61:15 / Allies) ionlymaketowers: ?
(61:18 / Allies) brucewillisusa: hmm
(61:18 / Allies) urMOMisFAT: WHATS GOING ON
(61:20 / Allies) brucewillisusa: up 2 u
(61:30 / Allies) brucewillisusa: urmomisfat
(61:32 / Allies) brucewillisusa: send shade here
(61:39 / Allies) brucewillisusa: so u can see them long mining
(61:55 / Allies) urMOMisFAT: HE PROBABLY HAS TOWERS UPGRADED FOR INVINCIBLE
(61:57 / Allies) Cyber-Goldfish: u got maphack open as well?
(61:59 / Allies) brucewillisusa: no he doesnt
(62:03 / Allies) brucewillisusa: hes the only one that doesnt
(62:04 / Allies) brucewillisusa: the others do
(62:18 / Allies) ionlymaketowers: lol...
(62:26 / Allies) brucewillisusa: lol he followed my advice
(62:28 / Allies) ionlymaketowers: get out of there with that shade
(62:28 / Allies) brucewillisusa: they getting lust
(62:28 / Allies) urMOMisFAT: SO YELLOW U AND GREEN ARE HACKING
(62:31 / Allies) ionlymaketowers: i'm gonna atk them
(62:38 / Allies) brucewillisusa: send shade here
(62:42 / Allies) brucewillisusa: thats safe spot
(62:58 / Allies) brucewillisusa: this is just like perching upper kingdom rofl
(63:05 / Allies) Cyber-Goldfish: wth is that
(63:11 / Allies) urMOMisFAT: CAN SOMEONE EXPLAIN TO ME WHATS GOING ON
(63:17 / Allies) urMOMisFAT: DUDE
(63:17 / Allies) brucewillisusa: there are two mountains
(63:19 / Allies) urMOMisFAT: STORM THAT SHIT
(63:20 / Allies) brucewillisusa: top left bottom right
(63:21 / Allies) urMOMisFAT: STORM IT
(63:23 / Allies) brucewillisusa: on upper kingdom
(63:26 / Allies) brucewillisusa: and if u know a few tricks
(63:28 / Allies) brucewillisusa: uc an get up there legit
(63:31 / Allies) brucewillisusa: and no land can ever reach you
(63:44 / Allies) urMOMisFAT: WHY ARENT U STORMING PINK
(63:46 / Allies) urMOMisFAT: BLADE STORM
(63:50 / Allies) ionlymaketowers: didn't get storm
(63:53 / Allies) brucewillisusa: level 3 bolt
(63:54 / Allies) Cyber-Goldfish: wow
(63:54 / Allies) brucewillisusa: lol
(63:56 / Allies) urMOMisFAT: ARE U HIGH?
(63:57 / Allies) Cyber-Goldfish: gg
(64:02 / All) am870910: lmao
(64:03 / All) am870910: nub
(64:08 / All) urMOMisFAT: HE DIDN'T GET STORM
(64:13 / All) brucewillisusa: rest in peace akinos
(64:14 / Allies) ionlymaketowers: they are all air
(64:17 / All) am870910: blue go fuk a dick
(64:50 / Allies) urMOMisFAT: PURPLE
(64:53 / Allies) urMOMisFAT: UR GONNA LOSE NOW?
(64:57 / Allies) brucewillisusa: i doubt it
(65:02 / Allies) brucewillisusa: they would have to manage their shit really well
(65:07 / Allies) brucewillisusa: though the orc does have 20,000 gold lol
(65:14 / Allies) brucewillisusa: or 15k now
(65:16 / Allies) brucewillisusa: he spent a bunch
(65:27 / All) brucewillisusa: teal
(65:31 / All) brucewillisusa: u ever played on the map high perch
(65:33 / All) urMOMisFAT: LOL WE COULD HAVE PLAYED LIKE 10 GAMES ALREADY
(65:38 / All) idonttrytowin: probably
(65:49 / All) brucewillisusa: u seem to be aware of what upkeep is
(65:59 / All) idonttrytowin: its a simple concept
(66:17 / Allies) brucewillisusa: he jsut spirit linked all his air
(66:22 / Allies) brucewillisusa: i think theyre coming soon
(66:27 / Allies) brucewillisusa: unless this is just a dress rehearsal
(66:37 / Allies) brucewillisusa: lol now its spirit linked and blood lusted
(66:39 / Allies) brucewillisusa: 3/3 upgrades
(66:40 / Allies) brucewillisusa: 300 food
(67:21 / Allies) ionlymaketowers: seems they noob
(67:23 / Allies) urMOMisFAT: KEEP PALLY FOR AURA
(67:23 / Allies) ionlymaketowers: didnt cloud
(67:39 / Allies) brucewillisusa: lol
(67:42 / Allies) brucewillisusa: lost every last hawk
(67:57 / Allies) Cyber-Goldfish: i wasnt watching
(67:58 / Allies) Cyber-Goldfish: lol
(68:18 / Allies) Cyber-Goldfish: how did he get in
(68:40 / Allies) urMOMisFAT: WHATS OJ TRYING TO DO
(68:50 / Allies) Cyber-Goldfish: hes gonna try to get a unit in
(68:54 / Allies) Cyber-Goldfish: so he can then mass tele
(68:56 / Allies) Cyber-Goldfish: inside
(70:22 / Allies) brucewillisusa: teal is 50 food with 10k gold
(70:29 / Allies) brucewillisusa: the rest are more or less broke
(70:37 / Allies) brucewillisusa: but they have units coming
(70:44 / Allies) Cyber-Goldfish: seems like u won then?
(70:49 / Allies) brucewillisusa: well
(70:54 / Allies) brucewillisusa: id still have to kill their stuff
(70:55 / Allies) brucewillisusa: to "win"
(71:01 / Allies) Cyber-Goldfish: the waiting game
(71:28 / Allies) brucewillisusa: send the shade here now
(71:34 / Allies) Cyber-Goldfish: i was minimized
(71:41 / Allies) Cyber-Goldfish: how did this all happen?
(71:42 / Allies) urMOMisFAT: WHERE
(71:49 / Allies) Cyber-Goldfish: the losing of all hawks and towers
(71:53 / Allies) brucewillisusa: they hit
(71:56 / Allies) brucewillisusa: with a ton of air
(72:02 / Allies) brucewillisusa: they lost it all but they got my air and some towers
(72:40 / Allies) urMOMisFAT: WHERE
(73:11 / Allies) brucewillisusa: go there with bm
(73:14 / Allies) brucewillisusa: crappy item laying on ground
(73:19 / Allies) brucewillisusa: u should always go invis
(73:27 / Allies) brucewillisusa: so they dont get worried about u and start warding everything
(74:38 / Allies) Cyber-Goldfish: wont u get banned for this purp?
(74:45 / Allies) brucewillisusa: really they should go maxed on gryphs
(74:49 / Allies) brucewillisusa: with just like 10 hawks for clouding
(74:55 / Allies) brucewillisusa: nah
(74:58 / Allies) brucewillisusa: they rarely ban ppl
(75:03 / Allies) Cyber-Goldfish: lol
(75:07 / Allies) brucewillisusa: besides, its worth 20 bux to screw with the game
(76:05 / Allies) brucewillisusa: mk following you
(76:27 / Allies) brucewillisusa: the orc is done mining
(76:30 / Allies) brucewillisusa: he will go 100 food now
(76:36 / Allies) brucewillisusa: come scout that
(76:40 / Allies) brucewillisusa: stay invis tho
(76:42 / Allies) brucewillisusa: cuz its a lot
(76:43 / Allies) brucewillisusa: lol
(76:53 / Allies) urMOMisFAT: ?
(77:18 / Allies) brucewillisusa: their team has like 16k total left now
(77:28 / Allies) brucewillisusa: thats enough for like one more full air wave
(77:30 / Allies) brucewillisusa: after this
(82:11 / Allies) brucewillisusa: theyre down to about 10k including gold mines
(82:16 / Allies) brucewillisusa: theyre all 100 food
(82:53 / Allies) brucewillisusa: thank god they dont have chims with the siege range
(83:04 / Allies) ionlymaketowers: yeah lucky none where ne
(83:08 / Allies) brucewillisusa: k hes spirit linking nd lusting them now
(83:16 / Allies) brucewillisusa: theyll come hit in like 30-40 seconds
(83:18 / Allies) ionlymaketowers: yo'd think they'd get cloud on the towers tho
(83:23 / Allies) brucewillisusa: they did last time
(83:27 / Allies) brucewillisusa: it was the tanks that ripped them apart
(83:29 / Allies) ionlymaketowers: did they?
(83:29 / Allies) brucewillisusa: more than the towers
(83:31 / Allies) brucewillisusa: ya
(83:53 / Allies) brucewillisusa: theyre trying to get land up into here
(84:20 / Allies) urMOMisFAT: PURPLE IM GONNA LEAVE
(84:26 / Allies) brucewillisusa: k
(84:29 / Allies) ionlymaketowers: do you have any more gold?
(84:30 / Allies) ionlymaketowers: lol
(84:31 / Allies) urMOMisFAT: IMA SHARE CONTROL
(84:34 / Allies) urMOMisFAT: SO U CAN CONTROL SHADE
(85:18 / Allies) brucewillisusa: damn
(85:21 / Allies) brucewillisusa: wish i had gold for hte mage
(85:31 / Allies) urMOMisFAT: RED GIVE U HIS GOLD
(85:45 / Allies) ionlymaketowers: what items don't oyu need?
(85:48 / Allies) ionlymaketowers: i'll go out and cash them
(85:55 / Allies) brucewillisusa: oh yeah forgot abotu that
(86:03 / Allies) urMOMisFAT: CASH AT UR SHOP
(86:04 / Allies) ionlymaketowers: oh wait you stil have vault
(86:05 / Allies) ionlymaketowers: lol
(86:07 / Allies) urMOMisFAT: U DONT HAVE TO GO OUT
(86:08 / Allies) urMOMisFAT: LOL
(86:22 / Allies) ionlymaketowers: you have enough?
(86:24 / Allies) brucewillisusa: ya
(86:42 / Allies) urMOMisFAT: THEY GONNA WIN
(86:45 / Allies) urMOMisFAT: THEY GONNA ATTACK
(87:00 / Allies) urMOMisFAT: THEY GONNA ATTACK EACH TANK ONE BY ONE
(87:04 / Allies) ionlymaketowers: you shouold just keep those there
(87:14 / Allies) urMOMisFAT: IF THEYRE SMART FF EACH TANK
(87:19 / Allies) urMOMisFAT: AND THEY WILL WIN
(87:26 / Allies) urMOMisFAT: HOW MUCH GOLD DO THEY HAVE
(87:31 / Allies) brucewillisusa: 2000
(87:37 / Allies) brucewillisusa: maybe 3000 total
(87:39 / Allies) Cyber-Goldfish: why do did u kill that purple?
(87:46 / Allies) brucewillisusa: they only trip me up
(87:49 / Allies) brucewillisusa: need to keep tanks closer to towers
(87:51 / Allies) ionlymaketowers: do they have any more mines?
(88:04 / Allies) brucewillisusa: nope mines all dead
(88:08 / Allies) urMOMisFAT: WTF ARE U DOING
(88:12 / Allies) brucewillisusa: need the room
(89:15 / Allies) urMOMisFAT: 3000 GOLD ISN'T MUCH U THINK U CAN PULL IT OFF?
(90:03 / Allies) urMOMisFAT: REPAIR THAT ONE TOWER?
(90:05 / Allies) Cyber-Goldfish: hes gonna mass tele
(90:11 / Allies) brucewillisusa: nah its ok
(90:14 / Allies) urMOMisFAT: YEAH HE SURE IS
(90:19 / Allies) ionlymaketowers: what a waste of money for his tanks
(91:00 / Allies) ionlymaketowers: don't undertsand why they keep mortring. like something is gonna change lol
(91:42 / Allies) Cyber-Goldfish: why the spell breakers?
(91:50 / All) urMOMisFAT: SUCKS KNOWING YOUE WASTED ALL THIS TIME AND UR GONNA LOSE EH GREEN
(92:04 / All) am870910: im playing another game on my laptop dickhead
(92:09 / All) am870910: im good
(92:14 / All) am870910: ur wasting ur time bitch
(92:18 / All) brucewillisusa: why so mad
(92:19 / All) urMOMisFAT: NOT REALLY
(92:26 / All) urMOMisFAT: YEAH WHY SO MAD
(92:33 / Allies) brucewillisusa: lol i think theyre gonna split hit
(92:52 / Allies) urMOMisFAT: LIKE DIFFERENT DIRECTIONS?
(92:54 / Allies) brucewillisusa: ya
(93:27 / Allies) brucewillisusa: switch your purge orb to primary position
(93:32 / Allies) brucewillisusa: u only get 1 orb effect
(93:35 / Allies) brucewillisusa: and purge is better
(94:50 / Allies) Cyber-Goldfish: no adventures pink?
(94:52 / Allies) brucewillisusa: theyre down to 2000
(94:58 / Allies) brucewillisusa: they will make one last valiant effort i think
(95:08 / Allies) Cyber-Goldfish: "valiant"
(95:15 / Allies) ionlymaketowers: where are teals stuff?
(95:46 / Allies) Cyber-Goldfish: wow
(95:50 / Allies) Cyber-Goldfish: thats a shit ton
(95:55 / Allies) brucewillisusa: yep
(95:56 / Allies) brucewillisusa: 0.0
(96:11 / Allies) Cyber-Goldfish: how did you reveal?
(96:16 / Allies) brucewillisusa: i have one mana tower
(96:25 / Allies) Cyber-Goldfish: ahh
(96:31 / Allies) ionlymaketowers: kill my stuff
(97:24 / Allies) Cyber-Goldfish: gg
(97:35 / Allies) brucewillisusa: GET THE MORTS
(98:18 / Allies) ionlymaketowers: heal plz
(98:23 / Allies) Cyber-Goldfish: that was a weakness
(98:53 / All) brucewillisusa: NICE EFFORRT
(98:55 / All) brucewillisusa: 7/10
(98:59 / All) brucewillisusa: THANKS FOR PLAYING
(99:01 / All) am870910: we wont bitch
(99:08 / All) am870910: we will win
(99:15 / Allies) brucewillisusa: get out and sell your mana item
(99:16 / Allies) ionlymaketowers: they still have more units
(99:18 / Allies) ionlymaketowers: ?
(99:19 / Allies) brucewillisusa: we dont need that
(99:21 / Allies) brucewillisusa: or the light shield one
(99:27 / Allies) brucewillisusa: maybe ill have enough to get mage back
(99:39 / Allies) ionlymaketowers: i don't think ineed my boots
(99:45 / Allies) brucewillisusa: k
(100:00 / Allies) ionlymaketowers: need more?
(100:02 / Allies) brucewillisusa: ya
(100:10 / Allies) brucewillisusa: keep ur staff and orbs
(100:12 / Allies) brucewillisusa: those are good items
(100:17 / Allies) brucewillisusa: fuck 2 more rofl
(101:34 / Allies) brucewillisusa: lol now theyre selling items
(101:37 / Allies) ionlymaketowers: you want me to sell your tele staff?
(101:47 / Allies) brucewillisusa: hmm
(101:56 / Allies) brucewillisusa: sell my 2 boots
(102:09 / Allies) ionlymaketowers: let me get another tele staff so i don't have to wait for tp
(102:13 / Allies) brucewillisusa: he left item on the ground here
(102:16 / Allies) brucewillisusa: so get there asap
(102:18 / Allies) ionlymaketowers: k
(102:24 / Allies) ionlymaketowers: have to wait for tele
(102:35 / Allies) brucewillisusa: u still have to wait
(102:35 / Allies) brucewillisusa: see
(102:43 / Allies) ionlymaketowers: not as slow tho
(102:45 / Allies) brucewillisusa: yeah it is
(102:49 / Allies) brucewillisusa: its the same time left as the other one
(102:49 / Allies) Cyber-Goldfish: lol
(102:52 / Allies) brucewillisusa: theyll reach 0 at same time
(102:53 / Allies) brucewillisusa: watch
(102:57 / Allies) ionlymaketowers: oh so they do
(103:09 / Allies) brucewillisusa: anyway they picked up the item that they dropped
(103:11 / Allies) brucewillisusa: so dont worry abotu that
(103:16 / Allies) brucewillisusa: just sellt he boots
(103:23 / Allies) ionlymaketowers: yah i'l just sell one
(103:24 / Allies) ionlymaketowers: or both?
(103:26 / Allies) brucewillisusa: both
(103:50 / Allies) Cyber-Goldfish: that fucking archmage raped you
(103:52 / Allies) Cyber-Goldfish: purp
(103:55 / Allies) brucewillisusa: ya i know
(104:00 / Allies) brucewillisusa: u mean theirs?
(104:00 / Allies) brucewillisusa: ya
(104:04 / Allies) brucewillisusa: my wall wasnt as good as i though
(104:07 / Allies) brucewillisusa: thought
(104:13 / Allies) brucewillisusa: careful
(104:15 / Allies) brucewillisusa: they gonna hunt u
(104:21 / Allies) brucewillisusa: heros inbound
(104:56 / Allies) brucewillisusa: he gonna tp in more shit
(105:06 / Allies) Cyber-Goldfish: can u kill it?
(105:15 / Allies) ionlymaketowers: where his tower then that he tped into
(105:16 / Allies) ionlymaketowers: ?
(105:19 / Allies) ionlymaketowers: or where's the am
(105:43 / Allies) Cyber-Goldfish: purp
(105:47 / Allies) Cyber-Goldfish: handle that twe
(105:48 / Allies) Cyber-Goldfish: twr
(105:56 / Allies) brucewillisusa: o ya
(106:16 / Allies) ionlymaketowers: where's the am?
(106:39 / Allies) Cyber-Goldfish: more morts this time
(106:45 / Allies) ionlymaketowers: i'll just bladestorm
(107:08 / Allies) Cyber-Goldfish: how are u getting money?
(107:13 / Allies) brucewillisusa: that was my last change
(107:17 / Allies) brucewillisusa: keep bm back and safe
(107:27 / Allies) Cyber-Goldfish: blizz
(107:29 / Allies) Cyber-Goldfish: fuck
(107:36 / Allies) Cyber-Goldfish: bliz him
(108:29 / Allies) Cyber-Goldfish: finish
(108:47 / Allies) ionlymaketowers: heal
(109:26 / Allies) ionlymaketowers: lol
(109:32 / All) brucewillisusa: now this is pod racing!
(109:51 / Allies) brucewillisusa: careful u dont wana go in ther and get suck
(110:44 / Allies) ionlymaketowers: they out of money?
(110:48 / Allies) brucewillisusa: ya
(110:55 / Allies) brucewillisusa: down to liek 400
(110:58 / Allies) brucewillisusa: plus whatever items
(111:01 / Allies) brucewillisusa: they have
(111:01 / Allies) Cyber-Goldfish: no more hawks!
(111:10 / Allies) brucewillisusa: seems that way
(111:21 / Allies) ionlymaketowers: where are they ams?
(111:40 / Allies) brucewillisusa: grape that one
(111:53 / Allies) ionlymaketowers: he has invivce
(111:58 / Allies) brucewillisusa: oh well make him use it
(112:08 / Allies) brucewillisusa: ill ping the incoming enemy heros
(112:16 / Allies) ionlymaketowers: he used it
(112:19 / Allies) brucewillisusa: k good
(112:22 / Allies) brucewillisusa: thats one more item they wont have
(112:29 / Allies) brucewillisusa: say safe now
(112:34 / Allies) brucewillisusa: they have a ward at their main force
(112:37 / Allies) brucewillisusa: actually
(112:41 / Allies) brucewillisusa: jack this witch tdocor
(112:50 / Allies) brucewillisusa: he has no ward near him
(112:55 / Allies) brucewillisusa: yet
(113:00 / Allies) brucewillisusa: after u jak him, go west
(113:01 / Allies) brucewillisusa: then south
(113:12 / Allies) brucewillisusa: good
(113:17 / Allies) brucewillisusa: ur in the clear i think
(113:54 / Allies) brucewillisusa: i like how they have never stopped to wonder how youre getting out
(114:00 / Allies) Cyber-Goldfish: ROFL
(114:01 / Allies) Cyber-Goldfish: yeh
(114:03 / Allies) ionlymaketowers: yeah lol
(114:08 / Allies) brucewillisusa: if they went on a shade hunt
(114:10 / Allies) brucewillisusa: wed be trapped
(114:11 / Allies) brucewillisusa: lol
(115:08 / Allies) brucewillisusa: they have 420 gold and 2 tps
(115:20 / Allies) ionlymaketowers: i'm gonna kill his farms
(115:21 / Allies) brucewillisusa: k
(116:15 / Allies) brucewillisusa: oh they had another hero with a ton of items i didnt notice
(116:25 / Allies) brucewillisusa: so thats like another 200 gold
(116:35 / Allies) brucewillisusa: they dont seem to care about those farms
(116:36 / Allies) brucewillisusa: lol
(117:00 / All) brucewillisusa: what does charada mean?
(117:25 / Allies) brucewillisusa: i love how all 8 are still here
(117:54 / Allies) brucewillisusa: he put mountain king near wall
(117:58 / Allies) brucewillisusa: so he can bolt if we get close
(118:01 / Allies) Cyber-Goldfish: pink
(118:03 / Allies) Cyber-Goldfish: come back
(118:14 / Allies) brucewillisusa: its ok ill tell pink if they start to head for him
(118:21 / Allies) brucewillisusa: stay back
(118:25 / Allies) brucewillisusa: they have two level 3 bolts
(119:47 / Allies) Cyber-Goldfish: hmm
(119:49 / Allies) Cyber-Goldfish: can a critter
(119:54 / Allies) Cyber-Goldfish: fit through the wall?
(120:15 / All) brucewillisusa: hi mk
(120:33 / Allies) Cyber-Goldfish: you just showed them an opening
(120:34 / Allies) Cyber-Goldfish: in
(120:35 / Allies) Cyber-Goldfish: again
(120:36 / Allies) Cyber-Goldfish: lol
(120:49 / Allies) brucewillisusa: im surprised they didnt at least try to 2x bolt my hero
(120:59 / Allies) ionlymaketowers: probably not paying attention lol
(121:06 / Allies) ionlymaketowers: wait
(121:09 / Allies) ionlymaketowers: where is there heros?
(121:31 / Allies) ionlymaketowers: where are other heros?
(121:39 / Allies) brucewillisusa: thers 1 more am
(121:40 / Allies) brucewillisusa: and a bm
(121:41 / Allies) brucewillisusa: over here
(122:09 / Allies) brucewillisusa: carful
(122:13 / Allies) brucewillisusa: get the am not bm
(122:41 / Allies) Cyber-Goldfish: stubn
(123:19 / Allies) Cyber-Goldfish: fuck
(123:21 / Allies) Cyber-Goldfish: that was smart
(123:23 / Allies) Cyber-Goldfish: of them
(123:30 / Allies) ionlymaketowers: need to kill mk
(123:47 / Allies) brucewillisusa: b
(123:53 / Allies) Cyber-Goldfish: gg
(124:04 / Allies) ionlymaketowers: gay how did they detect me
(128:06 / Allies) Cyber-Goldfish: change around the wants
(128:07 / Allies) Cyber-Goldfish: wands
(128:10 / Allies) Cyber-Goldfish: to heal
(128:11 / Allies) Cyber-Goldfish: the tanks
(128:17 / Allies) brucewillisusa: it doesnt fix cooldown
(128:19 / Allies) brucewillisusa: they patched that in 1.23
(128:23 / Allies) Cyber-Goldfish: oh
(128:24 / Allies) Cyber-Goldfish: lol
(129:13 / Allies) Cyber-Goldfish: would be nice to have akinos
(129:14 / Allies) Cyber-Goldfish: lol
(129:18 / Allies) ionlymaketowers: yeah...
(129:20 / Allies) brucewillisusa: ya
(129:28 / Allies) Cyber-Goldfish: i forgot my wardens name
(129:31 / Allies) Cyber-Goldfish: its been so long
(129:32 / Allies) Cyber-Goldfish: lol
(129:34 / Allies) brucewillisusa: lol
(129:41 / Allies) Cyber-Goldfish: marin bladewing
(129:43 / Allies) ionlymaketowers: wish i didn't get him killed lol
(129:47 / Allies) ionlymaketowers: this is kinda boring now lol
(129:51 / Allies) Cyber-Goldfish: and califax
(129:57 / Allies) Cyber-Goldfish: thats why im alternating
(130:05 / Allies) Cyber-Goldfish: watching southpark and checking in here
(130:24 / Allies) ionlymaketowers: i should have used the gold you gave me to get another hero lol
(132:25 / Allies) Cyber-Goldfish: raped
(132:26 / Allies) Cyber-Goldfish: lol
(133:31 / All) ionlymaketowers: what time did this game start?
(133:55 / All) brucewillisusa: lol
(134:04 / Allies) Cyber-Goldfish: YAY
(134:05 / Allies) Cyber-Goldfish: its begun
(134:10 / All) ionlymaketowers: lol
(134:16 / Allies) Cyber-Goldfish: the main that was talking shit
(134:16 / Allies) brucewillisusa: yeop theyre gonn afk now
(136:01 / Allies) ionlymaketowers: dang i missed what happened lol
(136:05 / Allies) ionlymaketowers: you killed all their units
(136:05 / Allies) ionlymaketowers: ?
(136:15 / Allies) brucewillisusa: nope
(136:21 / Allies) brucewillisusa: they traded jobs with me
(137:49 / Allies) brucewillisusa: 7 gryphs and 7 wyvs
(137:52 / Allies) brucewillisusa: level 8 mk
(137:58 / Allies) brucewillisusa: 2 morts
(137:59 / Allies) brucewillisusa: level 7 am
(138:04 / Allies) brucewillisusa: they have nore than enough to rape me, really
(139:16 / Allies) Cyber-Goldfish: where are they pink
(139:22 / Allies) Cyber-Goldfish: how many units they got?
(144:08 / Allies) Cyber-Goldfish: purp how do you plan on winning if green hacked also
(144:18 / Allies) brucewillisusa: he didnt
(144:36 / Allies) Cyber-Goldfish: blizzard rfom far away in due time can kill all their towers
(145:18 / Allies) Cyber-Goldfish: if this were ud
(145:21 / Allies) Cyber-Goldfish: we'd be fucked
(145:25 / Allies) Cyber-Goldfish: they could sell everything
(145:27 / Allies) Cyber-Goldfish: for money
(145:50 / All) brucewillisusa: u mad?
(146:50 / Allies) brucewillisusa: o fuck
(146:57 / Allies) Cyber-Goldfish: ??
(147:01 / Allies) brucewillisusa: mass tped my fag tanks out
(147:02 / Allies) brucewillisusa: by mistake
(147:15 / Allies) Cyber-Goldfish: that shade is nearly dead
(147:15 / Allies) brucewillisusa: o well i guess ill use them then
(147:24 / Allies) brucewillisusa: ya it regens health slow as hell
(149:03 / Allies) Cyber-Goldfish: i thought u had more than 4 tanks left
(149:07 / Allies) brucewillisusa: i have 5
(149:09 / Allies) brucewillisusa: u cant see one
(149:12 / Allies) Cyber-Goldfish: oh
(149:16 / Allies) Cyber-Goldfish: ahh
(150:54 / Allies) Cyber-Goldfish: why in that corner purp?
(150:57 / Allies) brucewillisusa: he comin for me
(151:14 / Allies) ionlymaketowers: where are they getting the money to reveal?
(152:02 / Allies) Cyber-Goldfish: if only you were orc you could have a lik pillage
(152:50 / All) brucewillisusa: looks like teal is doing the work and the others are afk
(152:55 / All) brucewillisusa: the only guy who doesnt try to win
(152:55 / Allies) ionlymaketowers: lol
(152:57 / Allies) ionlymaketowers: teal wants this win
(152:58 / All) brucewillisusa: is trying rly hard to win
(153:02 / Allies) brucewillisusa: yeah look at his name
(153:04 / Allies) brucewillisusa: its full of rage
(153:12 / Allies) brucewillisusa: they guy is gonna burst a vein if he loses this
(153:31 / Allies) brucewillisusa: omfg
(153:33 / Allies) brucewillisusa: i did it again
(153:50 / Allies) Cyber-Goldfish: just wait for mass telee
(153:51 / Allies) Cyber-Goldfish: this time
(153:52 / Allies) Cyber-Goldfish: lol
(154:04 / Allies) brucewillisusa: yea it was just i was putting the units i didnt want with next to my hero
(154:09 / Allies) brucewillisusa: forgot to move hero away
(154:12 / Allies) brucewillisusa: before mass tp
(154:44 / Allies) brucewillisusa: i knew it would do that
(154:45 / Allies) brucewillisusa: rofl
(154:47 / Allies) brucewillisusa: it left a gyro behind
(154:53 / Allies) brucewillisusa: fucking mass tp is so bugged
(155:25 / Allies) ionlymaketowers: danbgit
(155:26 / Allies) ionlymaketowers: lol
(155:30 / Allies) ionlymaketowers: if i could get my peon out
(155:32 / Allies) ionlymaketowers: i could pillage
(155:34 / Allies) ionlymaketowers: ahahah
(156:08 / Allies) ionlymaketowers: how do youplan ong etting there?
(156:17 / Allies) brucewillisusa: good question
(156:20 / Allies) brucewillisusa: lol
(156:21 / Allies) brucewillisusa: but i can do it
(156:25 / Allies) brucewillisusa: from the outside
(156:31 / Allies) brucewillisusa: with elemental and tp
(156:31 / Allies) ionlymaketowers: oh right
(156:34 / Allies) ionlymaketowers: your elemntal
(157:05 / Allies) Cyber-Goldfish: well its been nice
(157:09 / Allies) Cyber-Goldfish: friends waitng for an rt
(157:10 / Allies) brucewillisusa: u leaving?
(157:11 / Allies) brucewillisusa: k
(157:11 / Allies) ionlymaketowers: you're leavning?
(157:12 / Allies) Cyber-Goldfish: at*
(157:13 / Allies) ionlymaketowers: lol
(157:16 / Allies) ionlymaketowers: after all this time??
(159:07 / All) brucewillisusa: why dont you just mind your shitty lump of towers and stop trying to chase me down
(160:06 / Allies) brucewillisusa: damn what if not enough ppl press drop
(160:36 / All) brucewillisusa: whoops!
(161:34 / Allies) brucewillisusa: their whole team has 1 staff of teleportation
(161:37 / Allies) brucewillisusa: and 9 gold
(161:37 / Allies) brucewillisusa: rofl
(161:44 / Allies) ionlymaketowers: lol
(162:15 / Allies) ionlymaketowers: it would kinda suck if blue didn't have that shade
(162:23 / Allies) brucewillisusa: yea
(162:26 / Allies) brucewillisusa: but
(162:28 / Allies) brucewillisusa: theyre out of flares now
(162:32 / Allies) brucewillisusa: so they cant hunt it
(162:37 / Allies) brucewillisusa: well wait
(162:37 / Allies) brucewillisusa: shit
(162:40 / Allies) brucewillisusa: they have reveal twoers
(162:45 / Allies) ionlymaketowers: yea
(162:59 / Allies) ionlymaketowers: i bet when teal loses he's gonna save replay
(163:03 / Allies) ionlymaketowers: t see how we've been getting out lol
(163:44 / Allies) brucewillisusa: they have 5 reveal towers
(163:47 / Allies) brucewillisusa: in ornages base
(166:07 / Allies) brucewillisusa: theres no way i could do this without the camera hack
(166:08 / Allies) brucewillisusa: lol
(166:26 / Allies) ionlymaketowers: when did he make that?
(166:33 / Allies) ionlymaketowers: or why would he make that lol
(166:37 / Allies) brucewillisusa: beats me
(166:41 / Allies) brucewillisusa: maybe he thought he could tp in
(167:25 / Allies) brucewillisusa: 2 down 3 to go
(167:40 / Allies) ionlymaketowers: three?
(167:43 / Allies) ionlymaketowers: i see 6
(167:50 / Allies) brucewillisusa: the guard towers cant cast reveal
(167:51 / Allies) ionlymaketowers: er 7
(167:53 / Allies) brucewillisusa: only hte mana ones can
(167:54 / Allies) ionlymaketowers: oh no?
(167:57 / Allies) ionlymaketowers: oh i see
(168:34 / Allies) brucewillisusa: yellow is badk from afk
(168:54 / Allies) ionlymaketowers: lol.........why is he trying to atk
(171:48 / All) brucewillisusa: i bet "inevertrytowin" is ranting at the mexican
(171:51 / All) brucewillisusa: to stop losing his units
(171:52 / All) brucewillisusa: rofl
(171:59 / All) brucewillisusa: LOL
(172:05 / Allies) ionlymaketowers: lol
(185:37 / All) brucewillisusa: so close that time!
(188:55 / Allies) ionlymaketowers: what? lol i went afk
(189:11 / Allies) brucewillisusa: didnt miss anything
(189:14 / Allies) brucewillisusa: hes been really careful about chasing me
(189:27 / Allies) ionlymaketowers: oh i c
(191:43 / Allies) brucewillisusa: fuck this is taking forever lol
(191:51 / Allies) ionlymaketowers: for real lol
(192:47 / Allies) ionlymaketowers: your tanks can't take on what he has left?
(193:03 / Allies) brucewillisusa: yeah i think ill bring hte tanks out
(193:21 / Allies) brucewillisusa: if i cant take him on now, ill just have to try drophack lol
(193:29 / Allies) ionlymaketowers: ................lol.......
(193:32 / Allies) brucewillisusa: cus this headcase will obviouslt stay up all night
(193:40 / Allies) ionlymaketowers: yeah
(194:46 / Allies) brucewillisusa: its not like he can even killa 5x5 block of towers
(194:47 / Allies) brucewillisusa: with air
(195:01 / Allies) ionlymaketowers: ye
(198:04 / All) brucewillisusa: why not spare yourself the trouple and just leave your shitty hero on yoru shitty tower block
(200:35 / Allies) ionlymaketowers: i don't get why he's still here
(200:59 / Allies) brucewillisusa: because he doesnt care about winning or losing
(201:05 / Allies) brucewillisusa: he just likes slow, painful processes
(202:02 / Allies) brucewillisusa: i better just go for his twoer pile
(202:04 / Allies) brucewillisusa: and cut to the chase
(202:08 / Allies) ionlymaketowers: yea
(202:47 / Allies) ionlymaketowers: man that thing flies so slowly
(205:34 / All) brucewillisusa: youre doing really well
(206:08 / All) brucewillisusa: maybe you should move to a bigger tower pile
(208:20 / Allies) ionlymaketowers: lol
(211:34 / All) brucewillisusa: changing shit piles?
(212:39 / All) brucewillisusa: at thsi point i would have to let you focus my hero without healin git for like 10 seconds straight
(212:45 / All) brucewillisusa: you onl yhave 4 shitty birds
(213:20 / All) idonttrytowin: you're smart
(213:56 / All) brucewillisusa: lol changing shit piles again
(214:10 / All) brucewillisusa: hey how about while im away from my town you go take it out with your 3 birds
(215:50 / All) idonttrytowin: get a personality
(215:53 / All) brucewillisusa: u mad?
(220:06 / All) brucewillisusa: well
(220:10 / All) brucewillisusa: the rest seems like just details
(220:13 / All) brucewillisusa: so how about you leave
(224:43 / Allies) ionlymaketowers: lol what am i gonna do with that
(224:45 / Allies) ionlymaketowers: haha
(225:33 / Allies) brucewillisusa: i bet i will get glasses 10% sooner in life
(225:35 / Allies) brucewillisusa: because of this game
(226:13 / Allies) ionlymaketowers: lol my eyesights been getting worse ever since i startted playing this
(227:22 / Allies) ionlymaketowers: ah almost done lol. longest game ever